 Dungeon Crawl Stone Soup version 0.31-a0-222-gefeffbb62a (webtiles) character file.

Game seed: 9539938240521824834

115738 promet the Blocker (level 16, -9/130 HPs)
             Began as a Gnoll Fighter on July 3, 2023.
             Was the Champion of Wu Jian.
             Killed from afar by a will-o-the-wisp (10 damage)
             ... with a foxfire
             ... on level 2 of the Swamp on July 5, 2023.
             The game lasted 05:41:23 (60206 turns).

promet the Blocker (Gnoll Fighter)                 Turns: 60206, Time: 05:41:28

Health: -9/130     AC: 25    Str: 20    XL:     16   Next: 69%
Magic:  15/31      EV: 11    Int: 13    God:    Wu Jian [******]
Gold:   2023       SH: 16    Dex: 10    Spells: 15/37 levels left

rFire   . . .        a - +1 broad axe (flame)
rCold   + . .        D - +0 tower shield
rNeg    . . .        u - +2 chain mail {Will+}
rPois   .            k - +1 hat
rElec   .            j - +1 cloak of Hiah {Will+ Int+3 Dex-3 SInv}
rCorr   +            U - +2 pair of gloves
SInv    +            h - +2 pair of boots
Will    +++..        Y - amulet of regeneration
Stlth   +++          s - ring of protection from cold
HPRegen 1.21/turn    V - ring of resist corrosion
MPRegen 0.22/turn

%: no passive effects
@: very slightly contaminated
A: fangs 1, strong nose, distributed training, MP-powered wands, sturdy frame 1
a: Renounce Religion, Wall Jump, Serpent's Lash, Heavenly Storm


You were on level 2 of the Swamp.
You worshipped Wu Jian.
Wu Jian was exalted by your worship.
You visited 4 branches of the dungeon, and saw 24 of its levels.

You collected 3646 gold pieces.
You spent 1623 gold pieces at shops.

Inventory:

Hand Weapons
 a - a +1 broad axe of flaming (weapon)
 b - a +4 hand crossbow of flaming
 c - the +2 demon trident of Fimbulwinter {elec, rF++ Str+3 Stlth+}
   (You bought it in a shop on level 2 of the Orcish Mines)

   Str:       It affects your strength (+3).
   rF:        It greatly protects you from fire.
   Stlth:     It makes you more stealthy.
 d - the +4 falchion "Toales" {vamp, Dex+4}
   (You found it on level 11 of the Dungeon)

   Dex:       It affects your dexterity (+4).
 F - a +0 antimagic flail
 N - a +3 war axe of freezing
Missiles
 v - 4 silver javelins
 x - 37 poisoned darts
 G - 4 throwing nets
 M - 4 silver boomerangs
Armour
 h - a +2 pair of boots (worn)
 j - the +1 cloak of Hiah (worn) {Will+ Int+3 Dex-3 SInv}
   (You found it on level 2 of the Dungeon)

   Int:       It affects your intelligence (+3).
   Dex:       It affects your dexterity (-3).
   SInv:      It lets you see invisible.
   Will:      It increases your willpower.
 k - a +1 hat (worn)
 u - a +2 chain mail of willpower (worn)
 D - a +0 tower shield (worn)
 U - a +2 pair of gloves (worn)
Magical Staves
 z - a staff of poison
 H - a staff of death
Jewellery
 m - a +5 ring of evasion
 n - a +5 ring of evasion
 o - the ring of Xug Gyge {rN+ Str+6 Stlth+}
   (You found it on level 5 of the Lair of Beasts)

   [ring of positive energy]

   Str:       It affects your strength (+6).
   rN:        It protects you from negative energy.
   Stlth:     It makes you more stealthy.
 s - a ring of protection from cold (left hand)
 E - a +4 ring of slaying
 T - a ring of fire
 V - a ring of resist corrosion (right hand)
 W - a ring of fire
 Y - an amulet of regeneration (around neck)
 Z - a ring of flight
Wands
 l - a wand of acid (13)
 L - a wand of iceblast (4)
 O - a wand of charming (7)
 P - a wand of mindburst (11)
 Q - a wand of flame (30) (quivered)
 X - a wand of digging (4)
Scrolls
 f - 7 scrolls of teleportation
 r - 6 scrolls of revelation
 C - a scroll of blinking
 J - 10 scrolls of identify
 S - 4 scrolls of fog
Potions
 e - a potion of heal wounds
 g - 3 potions of lignification
 i - 2 potions of curing
 p - 2 potions of magic
 q - 2 potions of attraction
 t - a potion of berserk rage
 w - 5 potions of ambrosia
 A - 4 potions of enlightenment
 B - 2 potions of cancellation
 I - 2 potions of resistance
 K - a potion of might
 R - 2 potions of haste


   Skills:
 + Level 13.1 Fighting
 + Level 11.4 Short Blades
 + Level 12.3 Long Blades
 + Level 11.4 Axes
 + Level 11.4 Maces & Flails
 + Level 11.4 Polearms
 + Level 11.4 Staves
 + Level 11.4 Ranged Weapons
 + Level 11.4 Throwing
 + Level 13.1 Armour
 + Level 11.4 Dodging
 + Level 11.4 Stealth
 + Level 13.1 Shields
 + Level 11.4 Unarmed Combat
 + Level 11.4 Spellcasting
 + Level 9.7 Conjurations
 + Level 9.7 Hexes
 + Level 9.7 Summonings
 + Level 9.7 Necromancy
 + Level 9.7 Translocations
 + Level 9.7 Transmutations
 + Level 9.7 Fire Magic
 + Level 9.7 Ice Magic
 + Level 9.7 Air Magic
 + Level 9.7 Earth Magic
 + Level 9.7 Poison Magic
 + Level 12.4 Invocations
 + Level 11.4 Evocations


You had 15 spell levels left.
You knew the following spells:

 Your Spells              Type           Power      Damage    Failure   Level
a - Magic Dart            Conj           100%       1d8       1%          1
b - Call Imp              Summ           64%        N/A       2%          2
c - Beastly Appendage     Tmut           64%        N/A       1%          1
d - Dazzling Flash        Conj/Hex       64%        N/A       5%          3
e - Mephitic Cloud        Conj/Pois/Air  32%        N/A       5%          3
f - Volatile Blastmotes   Fire/Tloc      64%        2d15      5%          3
g - Apportation           Tloc           64%        N/A       1%          1
h - Summon Ice Beast      Ice/Summ       32%        N/A       19%         4
i - Blink                 Tloc           64%        N/A       2%          2
j - Poisonous Vapours     Pois/Air       64%        N/A       2%          2

Your spell library contained the following spells:

 Spells                   Type           Power      Damage    Failure   Level
 Necrotise                Necr           100%       1d9       1%          1
 Slow                     Hex            100%       N/A       1%          1
 Sting                    Tmut/Pois      100%       1d8       1%          1
 Summon Small Mammal      Summ           100%       N/A       1%          1
 Cigotuvi's Dreadful Rot  Necr/Pois/Air  64%        N/A       2%          2
 Ensorcelled Hibernation  Hex/Ice        64%        N/A       2%          2
 Momentum Strike          Conj/Tloc      64%        3d9       2%          2
 Searing Ray              Conj           64%        2d6       2%          2
 Wereblood                Tmut           32%        N/A       2%          2
 Frozen Ramparts          Ice            64%        1d10      5%          3
 Ozocubu's Armour         Ice            32%        N/A       5%          3
 Spider Form              Tmut/Pois      32%        N/A       5%          3
 Dispel Undead            Necr           32%        3d14      19%         4
 Fulminant Prism          Conj/Hex       16%        3d10      19%         4
 Ice Form                 Ice/Tmut       32%        N/A       19%         4
 Iskenderun's Mystic Bla  Conj/Tloc      32%        2d8       19%         4
 Olgreb's Toxic Radiance  Pois           32%        N/A       19%         4
 Metabolic Englaciation   Hex/Ice        16%        N/A       45%         5
 Silence                  Hex/Air        16%        N/A       45%         5
 Death Channel            Necr           16%        N/A       96%         6
 Simulacrum               Ice/Necr       16%        N/A       96%         6
 Starburst                Conj/Fire      16%        6d6       96%         6
 Disjunction              Tloc           16%        N/A       100%        8


Dungeon Overview and Level Annotations

Branches:
Dungeon (15/15)            Temple (0/1) D:4            Lair (5/5) D:11
  Swamp (2/4) Lair:3        Snake (0/4) Lair:3        Slime (0/5) Lair:4
    Orc (2/2) D:11            Elf (0/3) Orc:2        Vaults (0/5) D:13
 Depths (0/4) D:15

Altars:
Ashenzari
Cheibriados
Dithmenos
Elyvilon
Fedhas
Gozag
Kikubaaqudgha
Makhleb
Okawaru
Qazlal
Sif Muna
Trog
Uskayaw
Wu Jian
Xom
The Shining One
Jiyva

Shops:
D:2 [   D:4 (   D:9 (   D:12 ?   Orc:1 ?   Orc:2 ![((

Annotations:
D:10 2 runed translucent doors


Innate Abilities, Weirdness & Mutations

You have very sharp teeth.
Your uncanny sense of smell can sniff out nearby items.
Your experience applies equally to all skills.
You expend magic power (3 MP) to strengthen your wands.
Your movements are slightly less encumbered by armour. (ER -2)


Message History

You barely miss the nameless horror. The foxfire hits you!
* * * LOW HITPOINT WARNING * * *
You block the will-o-the-wisp's attack. You block the nameless horror's attack.
The will-o-the-wisp engulfs you but does no damage.
You hit the nameless horror. You burn the nameless horror.
The nameless horror is moderately damaged.
You closely miss the will-o-the-wisp. The nameless horror misses you.
The will-o-the-wisp gestures.
The will-o-the-wisp conjures some foxfire! 2 foxfires come into view.
You hit the nameless horror but do no damage.
The nameless horror is moderately damaged.
You slash the will-o-the-wisp! You burn the will-o-the-wisp.
Your surroundings suddenly seem different.
A will-o-the-wisp, a bunyip, 2 spriggans and 2 swamp worms come into view.
A spriggan druid is wielding a +0 spectral quarterstaff.
Found 44 gold pieces, a wand of flame (14), a trident and a potion of might.
Found a stone staircase leading down.
The will-o-the-wisp gives a chilling moan.
The foxfire moves out of view. x2; The bunyip moves out of view.
The will-o-the-wisp gestures.
The will-o-the-wisp conjures some foxfire!
A foxfire comes into view.
You see here 23 gold pieces.
You enter the shallow water.
Moving in this stuff is going to be slow.
Found 9 gold pieces.
The bunyip gives a hideous shriek!
The spriggan rider shouts!
You hear a shout!
The bunyip howls a warning cry!
The will-o-the-wisp gestures.
The will-o-the-wisp conjures some foxfire!
A foxfire comes into view. 2 foxfires come into view.
You spin and attack the foxfire.
You closely miss the foxfire. The foxfire hits you!!
* * * LOW HITPOINT WARNING * * *
The foxfire hits you!
* * * LOW HITPOINT WARNING * * *
The foxfire dissipates!
The foxfire hits you!
You die...

.... .... ..~.~
~~~~ ~.$. ~~..
.~♣ ♣♣~.~ ~~.~
.!.~~♣♣♣§..♣ ~.~~
~~~).♣~....♣♣
<♣♣♣
~~~~~w~~.~~.♣ ♣♣
~♣
~~~~~~i..~~.♣..♣
~.
....~~...@~....♣♣
~.
§...~.i.v§~~w~~.♣
.~..~§.§§§~~~~~.♣
.♣♣.§§§♣......♣♣
♣.§§§♣≈♣~♣♣~~♣
♣~§.§§ ≈≈♣♣ ..♣
♣..xv♣§≈≈≈≈♣ ♣♣
♣♣~~§§≈≈≈≈≈♣ ♣~.
≈≈≈≈≈≈.


You could see a bunyip, a spriggan rider, a spriggan druid, a will-o-the-wisp
and 2 swamp worms.

Vanquished Creatures
  Kirke (Lair:2)
  Frances (Swamp:2)
  A frost giant (D:15)
  A dire elephant (Lair:5)
  Azrael (D:13)
  13 hydras
  5 catoblepae
  An ice dragon (Lair:4)
  4 centaur warriors
  3 alligators
  A boulder beetle (D:14)
  3 tengu warriors
  5 death yaks
  3 two-headed ogres
  A deep troll shaman (Lair:5)
  3 orc high priests (Orc:1)
  Nergalle (Lair:2)
  2 fire crabs (Lair:4)
  A skeletal warrior (D:12)
  4 skysharks
  A deep elf archer (D:13)
  3 bog bodies
  7 orc knights
  10 ugly things
  An oklob plant (Orc:2)
  4 deep elf pyromancers
  5 orc sorcerers
  A salamander (shapeshifter) (D:12)
  4 cyclopes
  3 manticores
  2 will-o-the-wisps
  18 elephants
  5 black mambas
  4 torpor snails
  3 centaur skeletons (D:13)
  15 cane toads
  2 gargoyles
  9 rime drakes
  An unseen horror (D:10)
  An efreet (D:12)
  A kobold demonologist (D:10)
  11 komodo dragons
  4 trolls
  5 yaktaurs
  A meliai (shapeshifter) (D:13)
  A queen bee (Lair:4)
  A bloated husk (Swamp:2)
  4 polar bears
  6 hornets
  3 meliai (Lair:4)
  5 tyrant leeches
  Grinder (D:3)
  Prince Ribbit (D:7)
  12 blink frogs
  3 dream sheep
  A jumping spider (shapeshifter) (D:15)
  8 slime creatures
  A hog (Lair:2)
  A vampire (D:10)
  A wraith (D:11)
  7 wyverns
  5 spriggans
  66 yaks
  Eustachio (D:4)
  5 basilisks
  4 steam dragons
  3 fire elementals
  18 vampire mosquitoes
  Menkaure (D:7)
  5 swamp worms
  4 wargs
  3 nagas (Lair:3)
  Duvessa (D:6)
  3 acid dragons
  5 hell hounds
  22 water moccasins
  An ice beast (D:5)
  22 orc warriors
  2 swamp drakes
  A sky beast (D:7)
  5 black bears
  5 ogres
  20 wolves
  6 centaurs
  2 kobold brigands
  2 phantoms
  Blork the orc (D:6)
  10 bullfrogs
  2 scorpions
  3 gnoll sergeants
  4 wights (D:9)
  Dowan (D:6)
  31 killer bees
  3 electric eels
  10 howler monkeys
  A lava snake (D:14)
  28 orc priests
  10 hounds
  4 iguanas
  3 jellies (Lair:4)
  6 gnoll boudas
  Jessica (D:2)
  A sleepcap (D:7)
  28 orc wizards
  8 hell rats
  A boggart skeleton (D:13)
  Robin (D:2)
  8 adders
  31 gnolls
  A shadow imp (D:8)
  2 worms
  A dart slug (D:1)
  87 orcs
  6 endoplasms
  5 giant cockroaches
  12 hobgoblins
  8 jackals (D:3)
  16 kobolds
  4 quokkas
  3 training dummies (D:9)
  10 ball pythons
  3 bats
  8 frilled lizards
  12 goblins
  5 rats
  A butterfly (Lair:4)
824 creatures vanquished.

Vanquished Creatures (collateral kills)
  A hydra (Lair:5)
  An alligator (Swamp:1)
  A tengu warrior (D:15)
  A goliath frog (Swamp:2)
  An efreet (D:15)
  An orc priest (Orc:2)
  3 orcs (Orc:2)
9 creatures vanquished.

Vanquished Creatures (others)
  A goliath frog (Swamp:2)
  2 bloated husks
  6 humans (Lair:3)
  An orc priest (Orc:2)
  An orc wizard (D:7)
  An orc (D:7)
  20 foxfires
32 creatures vanquished.

Grand Total: 865 creatures vanquished

Notes
Turn   | Place    | Note
-------+----------+-------------------------------------------
     0 | D:1      | promet the Gnoll Fighter began the quest for the Orb.
     0 | D:1      | Reached XP level 1. HP: 23/23 MP: 1/1
   138 | D:1      | Reached XP level 2. HP: 28/29 MP: 2/2
   583 | D:1      | Reached XP level 3. HP: 23/35 MP: 3/3
  1189 | D:2      | Reached skill level 1 in Invocations
  1405 | D:2      | Identified the +1 cloak of Hiah {Will+ Int+3 Dex-3 SInv}
  1460 | D:2      | Reached skill level 1 in Short Blades
  1460 | D:2      | Reached skill level 1 in Axes
  1460 | D:2      | Reached skill level 1 in Maces & Flails
  1460 | D:2      | Reached skill level 1 in Polearms
  1460 | D:2      | Reached skill level 1 in Staves
  1460 | D:2      | Reached skill level 1 in Ranged Weapons
  1460 | D:2      | Reached skill level 1 in Throwing
  1460 | D:2      | Reached skill level 1 in Dodging
  1460 | D:2      | Reached skill level 1 in Stealth
  1460 | D:2      | Reached skill level 1 in Unarmed Combat
  1460 | D:2      | Reached skill level 1 in Spellcasting
  1460 | D:2      | Reached skill level 1 in Evocations
  1500 | D:2      | Reached XP level 4. HP: 17/41 MP: 5/5
  1532 | D:2      | Reached skill level 1 in Conjurations
  1532 | D:2      | Reached skill level 1 in Hexes
  1532 | D:2      | Reached skill level 1 in Summonings
  1532 | D:2      | Reached skill level 1 in Necromancy
  1532 | D:2      | Reached skill level 1 in Translocations
  1532 | D:2      | Reached skill level 1 in Transmutations
  1532 | D:2      | Reached skill level 1 in Fire Magic
  1532 | D:2      | Reached skill level 1 in Ice Magic
  1532 | D:2      | Reached skill level 1 in Air Magic
  1532 | D:2      | Reached skill level 1 in Earth Magic
  1532 | D:2      | Reached skill level 1 in Poison Magic
  1704 | D:2      | Noticed Jessica
  1710 | D:2      | Killed Jessica
  1760 | D:2      | Reached XP level 5. HP: 37/47 MP: 7/7
  1909 | D:2      | Found Ideni's Antique Armour Boutique.
  1940 | D:2      | Bought a chain mail for 99 gold pieces
  1942 | D:2      | Noticed Robin
  1993 | D:2      | Killed Robin
  2649 | D:3      | Learned a level 1 spell: Magic Dart
  2769 | D:3      | Reached XP level 6. HP: 53/53 MP: 8/8
  2777 | D:3      | Noticed Grinder
  2802 | D:3      | Paralysed by Grinder for 3 turns
  2805 | D:3      | Killed Grinder
  2806 | D:3      | Reached skill level 5 in Long Blades
  2986 | D:3      | Reached XP level 7. HP: 51/59 MP: 10/10
  3369 | D:4      | Noticed Eustachio
  3416 | D:4      | Killed Eustachio
  3418 | D:4      | Noticed a +0 dagger
  3419 | D:4      | Noticed a +0 spear
  3449 | D:4      | Noticed a +0 dagger
  3470 | D:4      | Noticed a +0 short sword
  3471 | D:4      | Noticed a +0 spear
  3478 | D:4      | Noticed a +0 short sword
  3489 | D:4      | Noticed a +0 falchion
  3489 | D:4      | Noticed a +0 falchion
  3804 | D:4      | Found an ornate altar of the Wu Jian Council.
  3826 | D:4      | Became a worshipper of the Wu Jian Council
  4400 | D:4      | Found Osuwud's Weapon Boutique.
  4508 | D:4      | Found a hide-covered altar of Uskayaw.
  4534 | D:4      | Found a staircase to the Ecumenical Temple.
  4566 | D:4      | Found a burning altar of Makhleb.
  5067 | D:5      | Entered Level 5 of the Dungeon
  5084 | D:5      | Reached XP level 8. HP: 67/67 MP: 12/12
  5886 | D:5      | Found an ancient bone altar of Kikubaaqudgha.
  5989 | D:5      | Found a shimmering altar of Xom.
  6986 | D:6      | Noticed Blork the orc
  7015 | D:6      | Killed Blork the orc
  7393 | D:2      | Bought a tower shield for 99 gold pieces
  7765 | D:6      | Found a shadowy altar of Dithmenos.
  7966 | D:6      | Reached XP level 9. HP: 73/73 MP: 13/15
  8013 | D:6      | Noticed Dowan
  8014 | D:6      | Noticed Duvessa
  8026 | D:6      | Reached * piety under Wu Jian
  8029 | D:6      | Killed Duvessa
  8032 | D:6      | Killed Dowan
  8833 | D:7      | Found a stormy altar of Qazlal.
  8856 | D:7      | Found a white marble altar of Elyvilon.
  8883 | D:7      | Reached skill level 5 in Invocations
  9243 | D:7      | Noticed Menkaure
  9249 | D:7      | Killed Menkaure
  9294 | D:7      | Noticed a two-headed ogre
  9842 | D:7      | Reached skill level 5 in Short Blades
  9842 | D:7      | Reached skill level 5 in Axes
  9842 | D:7      | Reached skill level 5 in Maces & Flails
  9842 | D:7      | Reached skill level 5 in Polearms
  9842 | D:7      | Reached skill level 5 in Staves
  9842 | D:7      | Reached skill level 5 in Ranged Weapons
  9842 | D:7      | Reached skill level 5 in Throwing
  9842 | D:7      | Reached skill level 5 in Dodging
  9842 | D:7      | Reached skill level 5 in Stealth
  9842 | D:7      | Reached skill level 5 in Unarmed Combat
  9842 | D:7      | Reached skill level 5 in Spellcasting
  9842 | D:7      | Reached skill level 5 in Evocations
  9842 | D:7      | Reached XP level 10. HP: 75/81 MP: 17/17
  9978 | D:7      | Reached ** piety under Wu Jian
 10333 | D:7      | Noticed Prince Ribbit
 10350 | D:7      | Killed Prince Ribbit
 11143 | D:7      | Upgraded the game from 0.31-a0-219-g8d62b2e7bb to
                  | 0.31-a0-221-gbddc013574
 11477 | D:8      | Found a bloodstained altar of Trog.
 12150 | D:8      | Found a broken altar of Ashenzari.
 12161 | D:8      | Reached *** piety under Wu Jian
 12328 | D:8      | Found an opulent altar of Gozag.
 12691 | D:9      | Found Daeh's Firing Range.
 13172 | D:9      | Gained mutation: Your movements are slightly less
                  | encumbered by armour. (ER -2) [potion of mutation]
 13172 | D:9      | Gained mutation: You expend magic power (3 MP) to
                  | strengthen your wands. [potion of mutation]
 13383 | D:9      | Reached skill level 5 in Conjurations
 13383 | D:9      | Reached skill level 5 in Hexes
 13383 | D:9      | Reached skill level 5 in Summonings
 13383 | D:9      | Reached skill level 5 in Necromancy
 13383 | D:9      | Reached skill level 5 in Translocations
 13383 | D:9      | Reached skill level 5 in Transmutations
 13383 | D:9      | Reached skill level 5 in Fire Magic
 13383 | D:9      | Reached skill level 5 in Ice Magic
 13383 | D:9      | Reached skill level 5 in Air Magic
 13383 | D:9      | Reached skill level 5 in Earth Magic
 13383 | D:9      | Reached skill level 5 in Poison Magic
 13390 | D:9      | Reached XP level 11. HP: 89/89 MP: 20/20
 13721 | D:9      | Bought a +1 hand crossbow of flaming for 172 gold pieces
 13768 | D:9      | Found an iron altar of Okawaru.
 13857 | D:9      | Found a blossoming altar of Fedhas.
 13982 | D:10     | Entered Level 10 of the Dungeon
 14171 | D:10     | Found a glowing golden altar of the Shining One.
 14448 | D:10     | Noticed a cyclops
 14583 | D:10     | Reached **** piety under Wu Jian
 14618 | D:10     | Found a runed translucent door.
 14620 | D:10     | Found a runed translucent door.
 14963 | D:10     | Killed a cyclops
 15243 | D:10     | Found a snail-covered altar of Cheibriados.
 16483 | D:11     | Found an ancient bone altar of Kikubaaqudgha.
 16934 | D:11     | Noticed a manticore
 16938 | D:11     | Killed a manticore
 17169 | D:11     | Identified the +4 falchion "Toales" {vamp, Dex+4}
 17349 | D:11     | Found a staircase to the Orcish Mines.
 17806 | D:11     | Noticed a two-headed ogre
 17814 | D:11     | Killed a two-headed ogre
 17929 | D:11     | Learned a level 2 spell: Call Imp
 18070 | D:11     | Found a staircase to the Lair.
 18316 | D:11     | Learned a level 1 spell: Beastly Appendage
 18694 | D:12     | Reached XP level 12. HP: 69/97 MP: 22/22
 18923 | D:12     | Found Foskojilit's Magic Scroll Shop.
 21126 | D:13     | Reached skill level 10 in Fighting
 21126 | D:13     | Reached skill level 10 in Armour
 21126 | D:13     | Reached skill level 10 in Shields
 21355 | D:13     | Noticed Azrael
 21789 | D:13     | Killed Azrael
 25596 | D:13     | Reached XP level 13. HP: 60/104 MP: 25/25
 25981 | D:13     | Found a gate to the Vaults.
 26324 | Lair:1   | Entered Level 1 of the Lair of Beasts
 29362 | Lair:2   | Noticed Nergalle
 29656 | Lair:2   | Killed Nergalle
 30059 | Lair:2   | Reached skill level 10 in Long Blades
 32248 | Lair:3   | Noticed Kirke
 32320 | Lair:2   | HP: 4/106 [lindwurm[Kirke] (14)]
 32626 | Lair:2   | Killed Kirke
 33155 | Lair:3   | Learned a level 3 spell: Dazzling Flash
 33220 | Lair:3   | Reached skill level 10 in Invocations
 33220 | Lair:3   | Reached XP level 14. HP: 91/113 MP: 27/27
 34545 | Lair:3   | Learned a level 3 spell: Mephitic Cloud
 35660 | Lair:3   | Found a staircase to the Snake Pit.
 35699 | Lair:3   | Found a staircase to the Swamp.
 36430 | Lair:4   | Identified a scroll of acquirement
 36430 | Lair:4   | Acquired 1227 gold pieces
 36647 | Lair:4   | Found a white marble altar of Elyvilon.
 38081 | Lair:4   | Found a viscous altar of Jiyva.
 38081 | Lair:4   | Found a staircase to the Slime Pits.
 38083 | Lair:4   | Reached ***** piety under Wu Jian
 39987 | Lair:4   | Reached skill level 10 in Short Blades
 39987 | Lair:4   | Reached skill level 10 in Axes
 39987 | Lair:4   | Reached skill level 10 in Maces & Flails
 39987 | Lair:4   | Reached skill level 10 in Polearms
 39987 | Lair:4   | Reached skill level 10 in Staves
 39987 | Lair:4   | Reached skill level 10 in Ranged Weapons
 39987 | Lair:4   | Reached skill level 10 in Throwing
 39987 | Lair:4   | Reached skill level 10 in Dodging
 39987 | Lair:4   | Reached skill level 10 in Stealth
 39987 | Lair:4   | Reached skill level 10 in Unarmed Combat
 39987 | Lair:4   | Reached skill level 10 in Spellcasting
 39987 | Lair:4   | Reached skill level 10 in Evocations
 40587 | Lair:4   | Identified the +3 short sword "Gynoakatz" {holy, Fly}
 40599 | Lair:4   | Got Sif Muna's Almanac of Gaseous Despicable Spells
 41205 | Lair:4   | Reached XP level 15. HP: 107/120 MP: 29/29
 42379 | Lair:5   | Entered Level 5 of the Lair of Beasts
 45580 | Lair:5   | Identified the ring of Xug Gyge {rN+ Str+6 Stlth+}
 47146 | Orc:1    | Entered Level 1 of the Orcish Mines
 47340 | D:11     | Learned a level 3 spell: Volatile Blastmotes
 48066 | Orc:1    | Found Etiy's Magic Scroll Shoppe.
 48198 | Orc:2    | Entered Level 2 of the Orcish Mines
 48445 | Orc:1    | Reached ****** piety under Wu Jian
 51170 | Orc:2    | Found a staircase to the Elven Halls.
 51777 | Orc:2    | Found Wiugih's Weapon Shop.
 51777 | Orc:2    | Found Yqaa's Antique Weapon Shop.
 51795 | Orc:2    | Found Ukec's Armour Shoppe.
 51795 | Orc:2    | Found Ydeameomp's Distillery.
 52284 | Orc:2    | Reached XP level 16. HP: 128/128 MP: 30/30
 52423 | Orc:2    | Bought a potion of heal wounds for 55 gold pieces
 52423 | Orc:2    | Bought a potion of haste for 110 gold pieces
 52426 | Orc:2    | Bought a scorched demon trident for 740 gold pieces
 52426 | Orc:2    | Identified the +2 demon trident of Fimbulwinter {elec, rF++
                  | Str+3 Stlth+} (You bought it in a shop on level 2 of the
                  | Orcish Mines)
 54310 | D:14     | Got the Atlas of Wintry Direction
 54313 | D:14     | Learned a level 1 spell: Apportation
 54318 | D:14     | Learned a level 4 spell: Summon Ice Beast
 54321 | D:14     | Learned a level 2 spell: Blink
 54629 | D:15     | Entered Level 15 of the Dungeon
 55642 | D:12     | Bought a scroll of teleportation for 36 gold pieces
 56538 | D:9      | Bought 4 silver boomerangs for 312 gold pieces
 56728 | D:15     | Found a shimmering blue altar of Sif Muna.
 56738 | D:15     | Got Sif Muna's Annotations on the Curse
 56864 | D:15     | Found a staircase to the Depths.
 57165 | D:15     | Upgraded the game from 0.31-a0-221-gbddc013574 to
                  | 0.31-a0-222-gefeffbb62a
 57433 | Swamp:1  | Entered Level 1 of the Swamp
 59098 | Swamp:2  | Learned a level 2 spell: Poisonous Vapours
 60175 | Swamp:2  | Noticed Frances
 60201 | Swamp:2  | Killed Frances
 60206 | Swamp:2  | HP: 1/130 [will-o-the-wisp/foxfire (10)]
 60206 | Swamp:2  | Killed from afar by a will-o-the-wisp

Illustrated notes

Levels and vault maps discovered:
D:1:      heliophobic_arrival_henge, layout_basic,
          wander_ebering_terrifying_dragon_lair
D:2:      cheibrodos_pilgrimage, layout_loops_ring, serial_shops,
          nicolae_shop_dealshenge, uniq_robin, uniq_jessica
D:3:      layout_basic, uniq_grinder
D:4:      layout_basic, mainiacjoe_overflow_paths, mainiacjoe_overflow_chevrons,
          nicolae_uskayaw_en_pointe, minmay_temple_entry_poolview, serial_shops,
          kennysheep_mini_moat, uniq_eustachio
D:5:      layout_basic, lemuel_tele_altar, mainiacjoe_overflow_24_doors,
          chequers_serial_rivers_small_3
D:6:      layout_loops_corners, nicolae_dithmenos_the_darkroom,
          uniq_blork_the_orc, uniq_duvessa
D:7:      lemuel_castle_with_subvaults [lemuel_castle_interior_carwin_2],
          layout_basic, lemuel_round_altar, grunt_qazlal_clouds,
          serial_corexii_hall, chequers_hall_statues_wall_a,
          corexii_hall_statues_u, uniq_menkaure, uniq_joseph,
          uniq_prince_ribbit1
D:8:      layout_loops_ring, mainiacjoe_overflow_tiny_flanked,
          mainiacjoe_overflow_small_starburst, mainiacjoe_overflow_boulevard
D:9:      layout_rooms, fedhas_ov_isle_minmay,
          mainiacjoe_overflow_cross_hatched, nicolae_shop_firing_range
D:10:     lemuel_insect_pit, layout_long_grid,
          mainiacjoe_overflow_catch_the_wave
D:11:     layout_basic, erik_lair_dragon, erik_orc_2, kiku_gazebo_garden_becter
D:12:     layout_grid_maze, serial_shops, nicolae_shop_gibbet_a_chance
D:13:     layout_long_grid, hangedman_vaults_entry_quadrant_bands, uniq_azrael
D:14:     layout_basic, skrybe_limestone_x
D:15:     grunt_enter_depths_snipers, layout_loops_ring, minmay_misc_feat_cross,
          minmay_hedge_maze, nicolae_sif_muna_little_library
Lair:1:   hellmonk_destroyed_diamonds, layout_chaotic_city,
          chequers_serial_rivers_marsh, nicolae_lair_lil_pond, lemuel_fruit_tree
Lair:2:   layout_loops_ring, uniq_nergalle
Lair:3:   layout_big_grid, palyth_hydra_swamp_entry, nicolae_snake_entry_squirm,
          guppyfry_lair_drakes, infiniplex_staircase_pool_2,
          lemuel_fruit_fields, lemuel_fruit_fields, uniq_kirke
Lair:4:   nzn_winding_woodlands_huge [nzn_winding_woodlands_5x15_parted,
          nzn_winding_woodlands_5x15_crooked, nzn_winding_woodlands_5x15_twine,
          nzn_winding_woodlands_5x15_lazy_stream,
          nzn_winding_woodlands_5x15_split_checker,
          nzn_winding_woodlands_5x15_pool, nzn_winding_woodlands_5x15_cabin,
          nzn_winding_woodlands_5x15_pathside_ponds,
          nzn_winding_woodlands_5x15_default,
          nzn_winding_woodlands_5x15_pockets,
          nzn_winding_woodlands_center_triple_pond,
          nzn_winding_woodlands_center_diamonds,
          nzn_winding_woodlands_15x15_thick_spiral], layout_gridlike,
          minmay_slime_entry_pillars, basic_altar,
          portal_ice_cave_entry_animals_and_master, special_room
          [special_room_bee]
Lair:5:   grunt_lair_end_beastmaster, layout_regular_city,
          chequers_serial_rivers_micro_b, grunt_megastairs_1
Swamp:1:  nicolae_swamp_ascending_descending_big, layout_falls_marsh,
          hangedman_swamp_ruin_wall, swamp_pool2
Swamp:2:  layout_basic_swamp, nicolae_swamp_feature_on_the_river_bank,
          swamp_pool1, uniq_frances
Orc:1:    layout_caves, basic_altar, serial_shops, nicolae_shop_hallway_plus
Orc:2:    st_orc_elflike, layout_diamond_mine, mines3_lemuel

Skill      XL: |  1  2  3  4  5  6  7  8  9 10 11 12 13 14 15 16 |
---------------+-------------------------------------------------+-----
Invocations    | 1 2 3 4 5 6 7 8 10 11 12 | 12.4
Short Blades   | 1 2 3 4 5 6 7 8 9 10 11 | 11.4
Axes           | 1 2 3 4 5 6 7 8 9 10 11 | 11.4
Maces & Flails | 1 2 3 4 5 6 7 8 9 10 11 | 11.4
Polearms       | 1 2 3 4 5 6 7 8 9 10 11 | 11.4
Staves         | 1 2 3 4 5 6 7 8 9 10 11 | 11.4
Ranged Weapons | 1 2 3 4 5 6 7 8 9 10 11 | 11.4
Throwing       | 1 2 3 4 5 6 7 8 9 10 11 | 11.4
Dodging        | 1 2 3 4 5 6 7 8 9 10 11 | 11.4
Stealth        | 1 2 3 4 5 6 7 8 9 10 11 | 11.4
Unarmed Combat | 1 2 3 4 5 6 7 8 9 10 11 | 11.4
Spellcasting   | 1 2 3 4 5 6 7 8 9 10 11 | 11.4
Evocations     | 1 2 3 4 5 6 7 8 9 10 11 | 11.4
Conjurations   | 1 2 3 4 5 6 7 8 9 |  9.7
Hexes          | 1 2 3 4 5 6 7 8 9 |  9.7
Summonings     | 1 2 3 4 5 6 7 8 9 |  9.7
Necromancy     | 1 2 3 4 5 6 7 8 9 |  9.7
Translocations | 1 2 3 4 5 6 7 8 9 |  9.7
Transmutations | 1 2 3 4 5 6 7 8 9 |  9.7
Fire Magic     | 1 2 3 4 5 6 7 8 9 |  9.7
Ice Magic      | 1 2 3 4 5 6 7 8 9 |  9.7
Air Magic      | 1 2 3 4 5 6 7 8 9 |  9.7
Earth Magic    | 1 2 3 4 5 6 7 8 9 |  9.7
Poison Magic   | 1 2 3 4 5 6 7 8 9 |  9.7
Long Blades    | 5 6 7 8 9 10 11 12 | 12.3
Fighting       | 7 8 9 10 11 12 13 | 13.1
Armour         | 7 8 9 10 11 12 13 | 13.1
Shields        | 7 8 9 10 11 12 13 | 13.1

Action                     |  1- 3 |  4- 6 |  7- 9 | 10-12 | 13-15 | 16-18 || total
---------------------------+-------+-------+-------+-------+-------+-------++-------
  Melee: Long sword        |   111 |   246 |   357 |       |       |       ||   714
         Bite              |    11 |    16 |    60 |    92 |   387 |    66 ||   632
         War axe           |       |       |   173 |   425 |   266 |    18 ||   882
         Falchion          |       |       |       |   284 |  1269 |    97 ||  1650
         Staff             |       |       |       |       |   708 |    85 ||   793
         Kick              |       |       |       |       |    54 |       ||    54
         Headbutt          |       |       |       |       |    37 |       ||    37
         Unarmed           |       |       |       |       |     5 |       ||     5
         Hand crossbow     |       |       |       |       |     1 |       ||     1
         Spear             |       |       |       |       |    17 |       ||    17
         Broad axe         |       |       |       |       |       |   151 ||   151
         Demon trident     |       |       |       |       |       |    67 ||    67
   Fire: Sling             |       |     7 |    55 |   237 |       |       ||   299
         Hand crossbow     |       |       |       |   162 |   300 |   131 ||   593
  Throw: Stone             |       |     6 |       |       |       |       ||     6
         Dart              |       |       |    13 |    22 |    35 |       ||    70
         Javelin           |       |       |       |    12 |     4 |     4 ||    20
         Throwing net      |       |       |       |     1 |       |       ||     1
         Boomerang         |       |       |       |       |    12 |     5 ||    17
   Cast: Magic Dart        |       |       |       |     3 |       |       ||     3
         Call Imp          |       |       |       |       |    27 |     9 ||    36
         Beastly Appendage |       |       |       |       |     9 |       ||     9
         Mephitic Cloud    |       |       |       |       |    14 |     3 ||    17
         Dazzling Flash    |       |       |       |       |    11 |     1 ||    12
         Volatile Blastmot |       |       |       |       |     1 |       ||     1
         Summon Ice Beast  |       |       |       |       |       |     7 ||     7
         Apportation       |       |       |       |       |       |     1 ||     1
         Blink             |       |       |       |       |       |     1 ||     1
Ability: Lunge             |       |       |    11 |    35 |    20 |     9 ||    75
         Whirlwind         |       |       |     5 |    10 |   205 |    26 ||   246
         Wall Jump         |       |       |       |     3 |    37 |     7 ||    47
  Evoke: Wand              |       |       |       |    11 |    21 |     5 ||    37
    Use: Scroll            |     8 |     1 |     7 |     7 |    13 |     6 ||    42
         Potion            |       |     2 |     1 |     8 |     5 |     4 ||    20
   Stab: Distracted        |       |       |       |       |    11 |     1 ||    12
         Petrified         |       |       |       |       |     7 |       ||     7
         Sleeping          |       |       |       |       |     3 |     1 ||     4
         Invisible         |       |       |       |       |     3 |       ||     3
         Confused          |       |       |       |       |     2 |       ||     2
 Armour: Scale mail        |    40 |    28 |       |       |       |       ||    68
         Chain mail        |       |    77 |   286 |   220 |   596 |   147 ||  1326
         Skin              |       |     3 |    12 |       |       |       ||    15
  Dodge: Dodged            |    43 |   163 |   393 |   411 |  1250 |   166 ||  2426
  Block: Buckler           |    28 |    77 |   136 |       |       |       ||   241
         Tower shield      |       |       |   165 |   698 |  2008 |   335 ||  3206

Table legend: (Time is in decaauts)
 A = Elapsed time spent in this place.
 B = Non-inter-level travel time spent in this place.
 C = Inter-level travel time spent in this place.
 D = Time resting spent in this place.
 E = Time spent auto-exploring this place.
 F = Levels seen in this place.
 G = Mean time per level.
                   A        B        C        D        E       F      G
               +--------+--------+--------+--------+--------+-----+--------+
         Total |  61340 |  58046 |   3294 |  25989 |   6806 |  24 | 2555.8 |
       Dungeon |  33388 |  31005 |   2383 |  12210 |   4336 |  15 | 2225.9 |
          Lair |  20483 |  19722 |    761 |   9519 |   2205 |   5 | 4096.6 |
         Swamp |   2821 |   2721 |    100 |   1595 |     69 |   2 | 1410.5 |
  Orcish Mines |   4647 |   4598 |     49 |   2665 |    195 |   2 | 2323.5 |
               +--------+--------+--------+--------+--------+-----+--------+

Top non-repeatable levels by time:
  Lair:4: 6699 daAuts
    D:13: 4483 daAuts
    D:11: 4374 daAuts
    D:12: 3861 daAuts
  Lair:5: 3842 daAuts
  Lair:1: 3700 daAuts
  Lair:2: 3175 daAuts
  Lair:3: 3066 daAuts
   Orc:1: 2898 daAuts
     D:7: 2781 daAuts
    D:15: 2073 daAuts
    D:10: 2061 daAuts
    D:14: 1933 daAuts
 Swamp:1: 1877 daAuts
     D:4: 1780 daAuts
